 Dungeon Crawl Stone Soup version 0.29.1 (webtiles) character file.

Game seed: 10466020446741268996

60 GigaChad the Covered (level 3, 0/34 HPs)
             Began as a Minotaur Fighter on Sept 13, 2022.
             Slain by Sigmund
             ... wielding a +0 scythe
              (5 damage)
             ... on level 2 of the Dungeon.
             The game lasted 00:04:33 (1366 turns).

GigaChad the Covered (Minotaur Fighter)             Turns: 1366, Time: 00:04:33

Health: 0/34       AC:  7    Str: 20    XL:     3   Next: 80%
Magic:  2/2        EV:  9    Int:  7    God:
Gold:   117        SH:  4    Dex:  9    Spells: 2/2 levels left

rFire   . . .      SeeInvis .   a - +2 long sword
rCold   . . .      Faith    .   c - +0 buckler
rNeg    . . .      Spirit   .   b - +0 scale mail
rPois   .          Reflect  .   (helmet restricted)
rElec   .          Harm     .   (no cloak)
rCorr   +          Rampage  .   (no gloves)
Will    .....                   (no boots)
Stlth   ..........              (no amulet)
HPRegen 0.11/turn               j - ring of resist corrosion
MPRegen 0.08/turn               (no ring)

@: no status effects
A: horns 2, retaliatory headbutt
a: no special abilities


You were on level 2 of the Dungeon.
You visited 1 branch of the dungeon, and saw 2 of its levels.

You collected 117 gold pieces.

Inventory:

Hand Weapons
 a - a +2 long sword (weapon)
 k - a +4 club
Armour
 b - a +0 scale mail (worn)
 c - a +0 buckler (worn)
Magical Staves
 e - a staff of conjuration
Jewellery
 i - a ring of resist corrosion
 j - a ring of resist corrosion (left hand)
Scrolls
 h - a scroll of immolation
Potions
 d - a potion of might
 f - a potion of degeneration
 g - 2 potions of curing {unknown}


   Skills:
 + Level 4.4 Fighting
 + Level 3.1 Long Blades
 + Level 4.4 Armour
 + Level 4.0 Shields


You had 2 spell levels left.
You didn't know any spells.
Your spell library was empty.

Dungeon Overview and Level Annotations

Branches:
Dungeon (2/15)

Altars:

Shops:
D:2 [

Annotations:
D:2 Sigmund


Innate Abilities, Weirdness & Mutations

You have a pair of horns on your head.
You reflexively headbutt those who attack you in melee.


Message History

A rat comes into view.
You block the rat's attack.
You barely miss the rat. Your headbutt misses the rat.
The rat closely misses you. You furiously retaliate!
You headbutt the rat!
You kill the rat!
You see here a rat corpse.
A goblin comes into view. It is wielding a +0 club.
The goblin shouts!
You hit the goblin. You headbutt the goblin.
You kill the goblin!
You see here a +0 club.
Sigmund the Dreaded comes into view.
He is wielding a +0 scythe.
Sigmund shouts!
Found a stone staircase leading down.
You block Sigmund's attack.
You closely miss Sigmund. You headbutt Sigmund, but do no damage.
Sigmund giggles. "Time to reap what you sow."
Sigmund hits you but does no damage.
You hit Sigmund.
Sigmund is lightly wounded.
Sigmund hits you but does no damage.
You completely miss Sigmund.
Sigmund is lightly wounded.
Sigmund casts a spell.
Sigmund flickers and vanishes!
Deactivating autopickup; reactivate with Ctrl-A.
You miss something. Something hits you.
You slash something! Something hits you but does no damage.
You miss something. You miss something. Something hits you but does no damage.
You closely miss something. Your headbutt misses something. Something hits you.
You hit something. Your headbutt misses something. Something hits you.
You barely miss something. Something hits you!
You barely miss something. Your headbutt misses something. Something hits you.
You miss something. Something hits you!
* * * LOW HITPOINT WARNING * * *
You closely miss something. You closely miss something. You headbutt something!
Something hits you but does no damage.
You closely miss something. Something hits you.
You die...

#.....##............####
#......................
###......###.......####
###....^.........##
###....##.....<...###
#...)................
#.##..............##. #.
#.............[)#. #
#@#.....#....#....
#.{#.....#.##.##..#
...##.....#.⌠.⌠.⌠..#
....# .....)..†...#..
...... ....#.⌠._.....
.>.... ..............
..... ###...⌠.⌠.⌠#..
..... ..............
###.#.....#...


There were no monsters in sight!

Vanquished Creatures
  Jessica (D:2)
  2 dart slugs
  3 bats
  3 endoplasms (D:1)
  A giant cockroach (D:1)
  4 goblins
  2 hobgoblins (D:1)
  3 quokkas (D:1)
  A frilled lizard (D:1)
  4 kobolds (D:1)
  5 rats
29 creatures vanquished.

Notes
Turn   | Place    | Note
-------+----------+-------------------------------------------
     0 | D:1      | GigaChad the Minotaur Fighter began the quest for the Orb.
     0 | D:1      | Reached XP level 1. HP: 19/19 MP: 0/0
   175 | D:1      | Reached XP level 2. HP: 7/27 MP: 1/1
  1171 | D:2      | Found Lesiteki's Armour Emporium.
  1181 | D:2      | Noticed Jessica
  1188 | D:2      | Killed Jessica
  1189 | D:2      | Reached XP level 3. HP: 34/34 MP: 2/2
  1241 | D:2      | Found a faded altar of an unknown god.
  1349 | D:2      | Noticed Sigmund
  1366 | D:2      | Slain by Sigmund

Illustrated notes

Levels and vault maps discovered:
D:1:      amcnicky_arrival_choice, layout_basic, chequers_garden,
          minmay_hexomino_p4
D:2:      layout_rooms, serial_shops, nicolae_shop_hallway_plus,
          hellmonk_ecumenical_altar_run_dry, uniq_crazy_yiuf_cottage,
          uniq_sigmund, uniq_jessica

Skill      XL: |  1  2 |
---------------+-------+-----
Armour         | 4 |  4.4
Fighting       | 4 |  4.4
Long Blades    | 3 |  3.1
Shields        | 4 |  4.0

Action                   || total
-------------------------++-------
Melee: Long sword        ||    70
       Headbutt          ||    11
  Use: Scroll            ||     4
Armor: Scale mail        ||    38
Dodge: Dodged            ||    26
Block: Buckler           ||     6
